 Dungeon Crawl Stone Soup version 0.25.1-2-g60ff931df9 (console) character file.

Game seed: 15998273149840379200

21676 Colgate the Grappler (level 12, -18/85 HPs)
             Began as a Ghoul Warper on Aug 11, 2020.
             Was a High Priest of Ru.
             Demolished by a death yak (22 damage)
             ... on level 2 of the Lair of Beasts on Aug 12, 2020.
             The game lasted 03:46:39 (21885 turns).

Colgate the Grappler (Ghoul Warper)                Turns: 21885, Time: 03:46:39

Health: -18/85     AC: 12    Str: 16    XL:     12   Next: 92%
Magic:  13/13      EV: 11    Int: 11    God:    Ru [*****.]
Gold:   94         SH:  5    Dex: 14    Spells: 14/14 levels left

rFire    . . .     SeeInvis .     - Unarmed
rCold    + . .     Gourm    .   (shield unavailable)
rNeg     + + +     Faith    .   F - +1 swamp dragon scales
rPois    ∞         Spirit   .   w - +1 helmet "Yduohe" {*Drain Dex+5}
rElec    .         Reflect  +   i - +0 cloak
rCorr    .         Harm     .   (no gloves)
MR       +....                  (no boots)
Stlth    ++........             E - amulet of reflection
HPRegen  0.00/turn              (ring unavailable)
MPRegen  0.13/turn              B - ring of protection from magic

@: rotting, lightly drained
A: rotting body, claws 1, carnivore, cold resistance 1, negative energy
resistance 3, inhibited regeneration, torment resistance, unbreathing, missing a
hand, hated by all, no ice magic, no translocations magic, no transmutations
magic
a: Draw Out Power, Power Leap, Apocalypse, Renounce Religion


You were on level 2 of the Lair of Beasts.
You worshipped Ru.
Ru was extremely pleased with you.
You were not hungry.

You visited 2 branches of the dungeon, and saw 15 of its levels.

You collected 770 gold pieces.
You spent 676 gold pieces at shops.

Inventory:

Hand Weapons
 a - a +0 hunting sling
Missiles
 b - 323 stones
 h - 11 sling bullets
 l - 24 poisoned darts (quivered)
 L - 10 boomerangs
Armour
 i - a +0 cloak (worn)
 p - a +2 robe of cold resistance
 v - a +0 plate armour
 w - the +1 helmet "Yduohe" (worn) {*Drain Dex+5}
   (You acquired it on level 4 of the Dungeon)

   It affects your dexterity (+5).
   It causes draining when unequipped.
 y - a +0 troll leather armour
 F - +1 swamp dragon scales (worn)
 S - +0 acid dragon scales
 V - a +3 leather armour of magic resistance
Jewellery
 s - an uncursed ring of protection from cold
 B - a ring of protection from magic (right claw)
 E - an amulet of reflection (around neck)
 T - an uncursed ring of protection from fire
Wands
 g - a wand of acid (22)
 r - a wand of flame (2)
 O - a wand of polymorph (3)
 U - a wand of iceblast (7)
Scrolls
 d - 8 scrolls of remove curse
 n - 2 scrolls of fog
 o - a scroll of noise {unknown}
 q - a scroll of blinking
 G - 8 scrolls of teleportation
 I - 3 scrolls of immolation {unknown}
 J - 2 scrolls of enchant weapon {unknown}
 K - 4 scrolls of enchant armour {unknown}
 N - 3 scrolls of magic mapping {unknown}
 R - a scroll of summoning {unknown}
Potions
 e - a potion of flight
 j - 4 potions of lignification
 k - 5 potions of curing
 u - a potion of might
 x - 2 potions of cancellation {unknown}
 H - a potion of stabbing
Comestibles
 f - 20 rations


   Skills:
 - Level 2.1(1.8) Fighting
 + Level 10.5(11.9) Slings
 - Level 11.0(12.1) Throwing
 - Level 3.0(2.7) Armour
 - Level 2.0(1.7) Dodging
 - Level 4.4(4.0) Stealth
 - Level 13.0(12.6) Unarmed Combat
 - Level 1.7(1.4) Spellcasting
 - Level 1.0(0.7) Evocations


You had 14 spell levels left.
You didn't know any spells.
Your spell library contained the following spells:

 Spells                   Type           Power        Failure   Level  Hunger
 Corona                   Hex            #......      50%         1    ##.....
 Slow                     Hex            #.......     65%         2    ###....
 Confusing Touch          Hex            #.......     86%         3    ####...
 Dazzling Flash           Conj/Hex       #.....       86%         3    ####...
 Inner Flame              Hex/Fire       #.......     86%         3    ####...
 Cause Fear               Hex            #.........   99%         4    #####..
 Leda's Liquefaction      Hex/Erth       #.........   99%         4    #####..
 Blink                    Tloc           Unusable     N/A         2    N/A
 Ensorcelled Hibernation  Hex/Ice        Unusable     N/A         2    N/A
 Shroud of Golubria       Chrm/Tloc      Unusable     N/A         2    N/A
 Gell's Gravitas          Tloc           Unusable     N/A         3    N/A
 Lesser Beckoning         Tloc           Unusable     N/A         3    N/A
 Portal Projectile        Hex/Tloc       Unusable     N/A         3    N/A
 Teleport Other           Tloc           Unusable     N/A         3    N/A
 Tukima's Dance           Hex            Unusable     N/A         3    N/A
 Passage of Golubria      Tloc           Unusable     N/A         4    N/A

Dungeon Overview and Level Annotations

Branches:
Dungeon (12/15)            Temple (0/1) D:7            Lair (3/6) D:11
 Spider (0/4) Lair:2          Orc (0/2) D:11
  Swamp: Lair:2-4    Shoals: Lair:2-4

Altars:
Ashenzari
Cheibriados
Elyvilon
Fedhas
Gozag
Hepliaklqana
Makhleb
Qazlal
Ru
Vehumet
Wu Jian
Xom
Yredelemnul
Beogh

Shops:
D:4 *   D:6 }(:%!


Innate Abilities, Weirdness & Mutations

Your body is rotting away.
You thrive on raw meat.
You are immune to poison.
You have sharp fingernails.
You are carnivorous and can eat meat at any time.
Your flesh is cold resistant. (rC+)
You are immune to negative energy. (rN+++)
You do not regenerate when monsters are visible.
You are immune to unholy pain and torment.
You can survive without breathing.
You are missing a hand.
You are hated by all.
You cannot study or cast Ice magic.
You cannot study or cast Translocations magic.
You cannot study or cast Transmutations magic.


Message History

The death yak stops glowing.
The death yak is stunned by your will and fails to attack.
You scratch the death yak but do no damage.
The death yak is heavily wounded.
The death yak gores you!
* * * LOW HITPOINT WARNING * * *
Okay, then.
Okay, then.
There is a stone staircase leading down here.
The death yak is stunned by your will and fails to attack.
You climb downwards.
A water moccasin, a porcupine and 2 crocodiles come into view.
There is a stone staircase leading up here.
The death yak is stunned by your will and fails to attack.
You climb upwards.
The death yak gores you!
* * * LOW HITPOINT WARNING * * *
There is a stone staircase leading down here.
You feel less exhausted. The death yak gores you!!
You die...

.Y# #..###.###^...^^^.^......#..
.# ##......#...^....^..^...÷###.
# ##...........^.^...^^....## ##
##.................^.......####
###.....##..#†..#........#....##)
#......#######.#.......#.##...###
#....###...#P.#..........#....###
....####......>..###...........##
...## #........YY.##.).........##
...# ##........Y.####...#.#....P#
...###..........@.# #...##....###
...##.............###.#####...###
..###..............###### #...P##
### ##............## ##.# #.[..##
#..............###..# #...###
#####............###...###...# #
##.####...........###...##...## #
#...# ##.........#.##...##....###
....#####.......##......##...[.#.
#.....# #...P..###.....####...###
##....#######..###....## #....###


You could see 3 death yaks.

Vanquished Creatures
  Gastronok (Lair:2)
  Fannar (Lair:1)
  A two-headed ogre (D:11)
  A death yak (Lair:2)
  An unseen horror (D:12)
  A glowing orange brain (D:10)
  A black mamba (Lair:1)
  3 spiny frogs
  Maggie (D:7)
  An efreet (D:11)
  4 trolls
  A hornet (shapeshifter) (D:11)
  Grinder (D:6)
  7 hippogriffs
  7 dream sheep (Lair:1)
  Sigmund (D:3)
  14 yaks
  A wraith (D:12)
  2 basilisks
  A human (D:7)
  2 hungry ghosts
  4 hogs (D:7)
  An acid dragon (D:11)
  6 water moccasins
  Duvessa (D:6)
  3 orc warriors
  5 porcupines
  2 hornet zombies
  5 black bears
  2 sky beasts
  5 ice beasts
  2 necrophages
  3 phantoms
  3 centaurs
  6 ogres
  3 crocodiles
  9 bullfrogs
  A gnoll sergeant (D:9)
  A water moccasin zombie (D:8)
  Dowan (D:6)
  A wyvern skeleton (D:9)
  4 scorpions
  20 killer bees
  3 howler monkeys
  5 crimson imps
  A bullfrog zombie (D:7)
  A centaur zombie (D:12)
  2 lava snakes (D:9)
  5 hounds
  4 bullfrog skeletons
  7 jellies
  Crazy Yiuf (D:3)
  8 orc priests
  A centaur skeleton (D:12)
  2 iguanas
  17 orc wizards
  13 worker ants
  Natasha (thrice) (D:3)
  A hound zombie (D:11)
  A hound skeleton (D:10)
  2 worker ant zombies (D:6)
  5 gnolls
  10 adders
  3 shadow imps
  An ooze (D:2)
  An adder zombie (D:7)
  4 worms
  2 adder skeletons
  2 dart slugs
  8 leopard geckos
  55 orcs
  4 bats
  4 giant cockroaches
  5 goblins
  9 hobgoblins
  5 jackals (D:5)
  10 kobolds
  4 quokkas
  A ball python (D:2)
  4 frilled lizards
  A giant cockroach zombie (D:5)
  9 rats
365 creatures vanquished.

Vanquished Creatures (others)
  An orc warrior (D:8)
  A centaur (D:5)
  A gnoll shaman (D:5)
  A worker ant zombie (D:11)
  3 fungi (Lair:2)
7 creatures vanquished.

Grand Total: 372 creatures vanquished

Notes
Turn   | Place    | Note
-------+----------+-------------------------------------------
     0 | D:1      | Colgate the Ghoul Warper began the quest for the Orb.
     0 | D:1      | Reached XP level 1. HP: 17/17 MP: 2/2
   255 | D:1      | Reached XP level 2. HP: 24/24 MP: 3/3
   458 | D:1      | Reached skill level 3 in Unarmed Combat
   462 | D:1      | Reached skill level 1 in Armour
   939 | D:1      | Reached XP level 3. HP: 21/28 MP: 4/4
  1527 | D:2      | Found a radiant altar of Vehumet.
  1540 | D:2      | Reached skill level 1 in Throwing
  1714 | D:2      | Found a sacrificial altar of Ru.
  1720 | D:2      | Became a worshipper of Ru the Awakened
  2022 | D:2      | Reached XP level 4. HP: 33/36 MP: 5/5
  2792 | D:3      | Found a faded altar of an unknown god.
  2872 | D:3      | Noticed Sigmund
  2907 | D:3      | HP: 1/35 [something/puff of flame (6)]
  3331 | D:3      | Noticed Natasha
  3337 | D:3      | Killed Natasha
  3337 | D:3      | Reached XP level 5. HP: 19/41 MP: 6/6
  3693 | D:3      | Noticed Natasha
  3707 | D:3      | Killed Natasha
  3920 | D:3      | Found a runed translucent door.
  3925 | D:3      | Noticed Crazy Yiuf
  3962 | D:3      | Noticed Natasha
  3983 | D:3      | Killed Natasha
  4052 | D:3      | Killed Sigmund
  4052 | D:3      | Reached skill level 5 in Throwing
  4052 | D:3      | Reached XP level 6. HP: 37/48 MP: 7/7
  4454 | D:3      | Killed Crazy Yiuf
  4884 | D:4      | Found a white marble altar of Elyvilon.
  4904 | D:4      | Gained mutation: You are missing a hand. [Ru sacrifice]
  4904 | D:4      | Reached * piety under Ru
  4904 | D:4      | Reached ** piety under Ru
  5020 | D:4      | Found Toimoxtu's General Store.
  5069 | D:4      | Reached XP level 7. HP: 26/55 MP: 8/8
  5317 | D:4      | Found an opulent altar of Gozag.
  5466 | D:4      | You fall into a shaft and drop 1 floor!
  5466 | D:5      | Entered Level 5 of the Dungeon
  5730 | D:5      | Found a shimmering altar of Xom.
  6066 | D:5      | Found an ornate altar of the Wu Jian Council.
  6198 | D:5      | Reached XP level 8. HP: 47/59 MP: 9/9
  6744 | D:6      | Found Idwerirph's Book Shoppe.
  7017 | D:6      | Found Xaytz's Food Emporium.
  7237 | D:6      | Reached skill level 4 in Unarmed Combat
  7239 | D:6      | Found a burning altar of Makhleb.
  7240 | D:6      | Noticed Dowan
  7243 | D:6      | Noticed Duvessa
  7258 | D:6      | Killed Dowan
  7269 | D:6      | Killed Duvessa
  7902 | D:6      | Found a stormy altar of Qazlal.
  7994 | D:6      | Reached XP level 9. HP: 55/66 MP: 10/10
  8127 | D:6      | Found Fuucic's Gadget Boutique.
  8133 | D:6      | Noticed Grinder
  8156 | D:6      | Killed Grinder
  8156 | D:6      | Reached skill level 10 in Throwing
  8268 | D:6      | Found Doschahop's Antique Weapon Boutique.
  8539 | D:6      | Reached skill level 5 in Unarmed Combat
  8627 | D:6      | Found Umailaos's Distillery.
  8721 | D:7      | Found a sacrificial altar of Ru.
  8733 | D:7      | Reached skill level 1 in Stealth
  8860 | D:7      | Reached skill level 6 in Unarmed Combat
  8923 | D:7      | Found a staircase to the Ecumenical Temple.
  8970 | D:7      | Reached skill level 1 in Evocations
  8977 | D:7      | Noticed Maggie
  9126 | D:7      | Killed Maggie
  9692 | D:7      | Reached XP level 10. HP: 59/73 MP: 11/11
 10223 | D:7      | Reached skill level 7 in Unarmed Combat
 10524 | D:7      | Found a hazy altar of Hepliaklqana.
 10742 | D:8      | Reached skill level 8 in Unarmed Combat
 11270 | D:8      | Reached skill level 9 in Unarmed Combat
 12317 | D:9      | Reached skill level 10 in Unarmed Combat
 12855 | D:9      | Reached XP level 11. HP: 62/78 MP: 12/12
 12862 | D:9      | Reached skill level 11 in Unarmed Combat
 13022 | D:8      | Gained mutation: You are hated by all. [Ru sacrifice]
 13022 | D:8      | Reached *** piety under Ru
 13022 | D:8      | Reached **** piety under Ru
 13531 | D:9      | Found a snail-covered altar of Cheibriados.
 13537 | D:9      | Found a shattered altar of Ashenzari.
 13538 | D:9      | Found a basalt altar of Yredelemnul.
 13639 | D:10     | Entered Level 10 of the Dungeon
 14189 | D:10     | Found a blossoming altar of Fedhas.
 14239 | D:10     | Reached skill level 12 in Unarmed Combat
 14254 | D:10     | Noticed a two-headed ogre
 14260 | D:10     | Noticed a glowing orange brain
 14260 | D:10     | a two-headed ogre changed into a glowing orange brain
 14271 | D:10     | Killed a glowing orange brain
 14929 | D:11     | Found a staircase to the Lair.
 15010 | D:11     | Found an opulent altar of Gozag.
 15048 | D:11     | Found a roughly hewn altar of Beogh.
 15048 | D:11     | Found a staircase to the Orcish Mines.
 15067 | D:11     | Gained mutation: You cannot study or cast Ice magic. [Ru
                  | sacrifice]
 15067 | D:11     | Gained mutation: You cannot study or cast Transmutations
                  | magic. [Ru sacrifice]
 15067 | D:11     | Gained mutation: You cannot study or cast Translocations
                  | magic. [Ru sacrifice]
 15067 | D:11     | Reached ***** piety under Ru
 15602 | D:11     | Reached skill level 13 in Unarmed Combat
 17071 | Lair:1   | Entered Level 1 of the Lair of Beasts
 17171 | Lair:1   | Reached skill level 5 in Slings
 17171 | Lair:1   | Reached XP level 12. HP: 71/85 MP: 9/13
 17712 | Lair:1   | Noticed Fannar
 17757 | Lair:1   | Killed Fannar
 18520 | D:4      | Bought a scroll of acquirement for 676 gold pieces
 18520 | D:4      | Acquired the +1 helmet "Yduohe" {*Drain Dex+5}
 18703 | D:12     | Noticed a two-headed ogre
 18958 | D:11     | Killed a two-headed ogre
 20418 | Lair:2   | Noticed a death yak
 20418 | Lair:2   | Noticed a death yak
 20418 | Lair:2   | Noticed a death yak
 20418 | Lair:2   | Noticed a death yak
 20802 | Lair:2   | Found a hole to the Spider Nest.
 21249 | Lair:2   | Found a sacrificial altar of Ru.
 21466 | Lair:2   | Noticed Gastronok
 21485 | Lair:2   | Killed Gastronok
 21485 | Lair:2   | Reached skill level 10 in Slings
 21861 | Lair:2   | Killed a death yak
 21882 | Lair:2   | HP: 4/85 [death yak (10)]
 21885 | Lair:2   | Demolished by a death yak

Illustrated notes

Levels and vault maps discovered:
D:1:      dpeg_arrival_brainrot, layout_loops_corners, serial_bayou,
          serial_bayou_pond_a, serial_bayou_pond_c, serial_bayou_pond_e,
          serial_bayou_pond_d
D:2:      layout_loops_ring, vehumet_crystals, nicolae_ru_awakened_eye,
          first_ration
D:3:      layout_rooms, chequers_ecumenical_altar_simple, serial_corexii_hall,
          corexii_hall_statues_x, corexii_hall_statues_i,
          chequers_hall_statues_y, uniq_natasha, uniq_sigmund,
          uniq_crazy_yiuf_cottage
D:4:      cheibrodos_helix_gallery, layout_basic, elyvilon_altar_4,
          kennysheep_mini, serial_shops, nicolae_shop_behind_doors
D:5:      layout_basic, xom_confusion_cloud, nicolae_overflow_hidden_temple
D:6:      layout_basic, lemuel_round_altar, makhleb_heckhound_becter,
          serial_shops, shop, shop, kennysheep_little_box, kennysheep_mini_moat,
          shop, uniq_duvessa, uniq_grinder
D:7:      minmay_thick_lines, layout_cave_pools, lemuel_round_altar,
          minmay_temple_entry_gardened_gates, basic_altar, grunt_decor_cap,
          grunt_livestock, item_on_display_a, uniq_maggie
D:8:      layout_basic
D:9:      layout_cave_pools, minitemple, kennysheep_generic_room_2
D:10:     layout_basic, basic_altar, kennysheep_crisscross, corexii_corridor_pit
D:11:     layout_small_grid, david_lair_generic, david_orc_5,
          nicolae_gozag_seed_capital
D:12:     layout_rooms, hangedman_abyss_or_decor_stagger
Lair:1:   layout_cellular_growth, uniq_fannar
Lair:2:   layout_concentric_octagons, spider_nest_entry_web_field, basic_altar,
          serial_bayou_shore_b, minmay_lair_oklob_chamber, uniq_gastronok
Lair:3:   layout_gridlike, grunt_megastairs_2, infiniplex_staircase_pool

Skill      XL: |  1  2  3  4  5  6  7  8  9 10 11 12 |
---------------+-------------------------------------+-----
Dodging        | 2 |  2.0
Unarmed Combat | 3 4 6 10 13 | 13.0
Armour         | 1 2 3 |  3.0
Throwing       | 1 3 5 7 9 11 | 11.0
Stealth        | 3 4 |  4.4
Evocations     | 1 |  1.0
Slings         | 5 10 | 10.5
Translocations | 0 |  0.0
Fighting       | |  2.1
Spellcasting   | |  1.7

Action                   |  1- 3 |  4- 6 |  7- 9 | 10-12 || total
-------------------------+-------+-------+-------+-------++-------
Melee: Unarmed           |    70 |   127 |   313 |   736 ||  1246
       Punch             |       |     1 |       |       ||     1
       Hunting sling     |       |       |       |     3 ||     3
 Fire: Hunting sling     |       |       |       |   348 ||   348
Throw: Stone             |    11 |    30 |    99 |     6 ||   146
       Dart              |    80 |    74 |   154 |   141 ||   449
       Javelin           |       |    11 |    49 |     3 ||    63
       Boomerang         |       |     3 |     2 |    66 ||    71
       Throwing net      |       |       |     4 |     3 ||     7
Invok: Sacrifice a Hand  |       |     1 |       |       ||     1
       Power Leap        |       |       |       |     7 ||     7
       Sacrifice Love    |       |       |       |     1 ||     1
       Sacrifice Arcana  |       |       |       |     1 ||     1
       Draw Out Power    |       |       |       |     1 ||     1
       Apocalypse        |       |       |       |     1 ||     1
Evoke: Wand              |       |       |    32 |    45 ||    77
  Use: Scroll            |       |    11 |       |     4 ||    15
       Potion            |       |     7 |     1 |     5 ||    13
 Stab: Invisible         |       |       |     2 |    14 ||    16
       Paralysed         |       |       |     6 |       ||     6
       Held in net/web   |       |       |     2 |       ||     2
       Distracted        |       |       |     1 |     2 ||     3
       Confused          |       |       |       |     1 ||     1
       Sleeping          |       |       |       |     1 ||     1
  Eat: Chunk             |     4 |     3 |    20 |    48 ||    75
       Ration            |       |     3 |       |     1 ||     4
Armor: Leather armour    |     3 |       |       |       ||     3
       Scale mail        |    17 |       |       |       ||    17
       Ring mail         |     6 |    34 |    73 |       ||   113
       Swamp dragon scal |       |       |     3 |   239 ||   242
       Acid dragon scale |       |       |       |    16 ||    16
Dodge: Dodged            |    24 |    59 |   127 |   306 ||   516
Block: Other             |       |       |    23 |    41 ||    64
       Reflection        |       |       |       |     2 ||     2
